 Dungeon Crawl Stone Soup version 0.31-a0-631-g285b096dc4 (webtiles) character file.

Game seed: 6632121554042697406

82 Dittersdorf the Trooper (level 4, 0/29 HPs)
             Began as a Gargoyle Fighter on Aug 25, 2023.
             Slain by a gnoll sergeant
             ... wielding a +0 spear
              (7 damage)
             ... on level 3 of the Dungeon.
             The game lasted 00:01:46 (1612 turns).

Dittersdorf the Trooper (Gargoyle Fighter)          Turns: 1612, Time: 00:01:46

Health: 0/29       AC: 12    Str: 22    XL:     4   Next: 43%
Magic:  4/4        EV:  9    Int:  8    God:
Gold:   119        SH:  4    Dex:  9    Spells: 3/3 levels left

rFire   . . .        k - +0 flail (venom)
rCold   . . .        c - +0 buckler
rNeg    + . .        b - +0 scale mail
rPois   ∞            (no helmet)
rElec   +            p - +1 cloak
rCorr   .            (no gloves)
SInv    .            (no boots)
Will    .....        j - amulet of faith Stlth
                     (no ring)
HPRegen 0.24/turn    (no ring)
MPRegen 0.09/turn

%: faith
@: no status effects
A: sickness immunity, AC +3, negative energy resistance 1, electricity
resistance, torment resistance 1, petrification resistance
a: no special abilities


You were on level 3 of the Dungeon.
You visited 1 branch of the dungeon, and saw 3 of its levels.

You collected 119 gold pieces.

Inventory:

Hand Weapons
 k - a +0 flail of venom (weapon)
Armour
 b - a +0 scale mail (worn)
 c - a +0 buckler (worn)
 p - a +1 cloak (worn)
Jewellery
 g - a ring of ice
 i - an amulet of magic regeneration
 j - an amulet of faith (around neck)
Scrolls
 e - a scroll of brand weapon {unknown}
 f - 4 scrolls of identify {unknown}
 m - 2 scrolls of teleportation {unknown}
 n - 2 scrolls of noise {unknown}
Potions
 d - a potion of might
 h - 3 potions of lignification {unknown}
 l - a potion of magic {unknown}
 o - a potion of heal wounds {unknown}


   Skills:
 + Level 4.0 Fighting
 + Level 2.8 Maces & Flails
 + Level 4.0 Armour
 + Level 4.0 Shields


You had 3 spell levels left.
You didn't know any spells.
Your spell library contained the following spells:

 Spells                   Type           Power      Damage    Failure   Level
 Kiss of Death            Conj/Necr      0%         2d5       80%         1
 Blink                    Tloc           0%         N/A       90%         2
 Confusing Touch          Hex            0%         N/A       99%         3
 Dazzling Flash           Conj/Hex       0%         N/A       99%         3
 Dispel Undead            Necr           0%         3d6       100%        4
 Manifold Assault         Tloc           0%         N/A       100%        4
 Agony                    Necr           0%         N/A       100%        5
 Silence                  Hex/Air        0%         N/A       100%        5


Dungeon Overview and Level Annotations

Branches:
Dungeon (3/15)

Altars:
Hepliaklqana
Vehumet

Shops:
D:3 ?


Innate Abilities, Weirdness & Mutations

You are immune to sickness and miasma.
Your stone body is resilient. (AC +3)
You are immune to poison.
You resist negative energy. (rN+)
You are resistant to electric shocks. (rElec)
You are resistant to unholy torment.
You are immune to petrification.


Message History

There is an open gate here.
You sock the gnoll!
The gnoll is severely wounded.
The gnoll hits you with a +0 flail of venom.
You barely miss the gnoll.
The gnoll is severely wounded.
The gnoll hits you but does no damage.
You sock the gnoll!
You kill the gnoll!
The gnoll misses you.
You see here a +0 flail of venom.
You hit the gnoll.
The gnoll is heavily wounded.
The gnoll hits you with a +0 whip. The gnoll sergeant closely misses you.
The gnoll hits you but does no damage.
k - a +0 flail of venom The gnoll sergeant hits you from afar with a +0 spear!
The gnoll hits you with a +0 whip!
Your +0 flail of venom begins to drip with poison!
k - a +0 flail of venom (weapon)
You drop a +0 flail.
The gnoll sergeant hits you from afar with a +0 spear.
You block the gnoll's attack.
You thump the gnoll!
You kill the gnoll!
The gnoll sergeant hits you but does no damage.
The gnoll sergeant hits you from afar with a +0 spear.
* * * LOW HITPOINT WARNING * * *
Your Fighting skill increases to level 4!
Your Armour skill increases to level 4!
Your Shields skill increases to level 4!
The gnoll sergeant closely misses you. The gnoll hits you but does no damage.
The gnoll closely misses you.
Things that are here:
a +0 whip; a gnoll corpse The gnoll sergeant barely misses you.
You see here a +0 flail.
The gnoll sergeant attacks as it pursues you!
The gnoll sergeant hits you from afar with a +0 spear!
You die...

................
.......#........
.......#........
................
................
..........##.
.............
........##########
.......## #.)g.@#
.....†######g###.#
...#.....#.gg#...#
..#........'.#._.#
#..........'.#...#
##.........#.###.#
#.........#.....#
#.........#######
##.........#


You could see a gnoll sergeant and 3 gnolls.

Vanquished Creatures
  3 adders (D:3)
  2 gnolls (D:3)
  A dart slug (D:1)
  An orc (D:3)
  6 ball pythons
  3 bats
  4 endoplasms
  A giant cockroach (D:2)
  A goblin (D:2)
  2 hobgoblins
  A kobold (D:2)
  A quokka (D:2)
  6 frilled lizards
  3 rats
35 creatures vanquished.

Notes
Turn   | Place    | Note
-------+----------+-------------------------------------------
     0 | D:1      | Dittersdorf the Gargoyle Fighter began the quest for the
                  | Orb.
     0 | D:1      | Reached XP level 1. HP: 14/14 MP: 1/1
   490 | D:1      | Reached XP level 2. HP: 17/19 MP: 2/2
  1143 | D:2      | Reached XP level 3. HP: 23/23 MP: 3/3
  1359 | D:3      | Reached XP level 4. HP: 26/29 MP: 4/4
  1407 | D:3      | Found a hazy altar of Hepliaklqana.
  1521 | D:3      | Found Kyz Uler's Magic Scroll Shop.
  1596 | D:3      | Found a radiant altar of Vehumet.
  1596 | D:3      | Noticed a gnoll sergeant
  1612 | D:3      | Slain by a gnoll sergeant

Illustrated notes

Levels and vault maps discovered:
D:1:      roderic_crossed_star, layout_basic
D:2:      layout_basic, minivault_19, patterned_corridor
D:3:      layout_rooms, mainiacjoe_overflow_alcove_4,
          nzn_hepliaklqana_mist_gate, serial_shops, nicolae_shop_rolling_square

Skill      XL: |  1  2  3  4 |
---------------+-------------+-----
Fighting       | 4 |  4.0
Armour         | 4 |  4.0
Shields        | 4 |  4.0
Maces & Flails | |  2.8

Action                     |  1- 3 |  4- 6 || total
---------------------------+-------+-------++-------
  Melee: Flail             |   103 |     9 ||   112
 Armour: Scale mail        |    57 |     5 ||    62
  Dodge: Dodged            |    48 |     6 ||    54
  Block: Buckler           |    18 |     1 ||    19

Table legend: (Time is in decaauts)
 A = Elapsed time spent in this place.
 B = Non-inter-level travel time spent in this place.
 C = Inter-level travel time spent in this place.
 D = Time resting spent in this place.
 E = Time spent auto-exploring this place.
 F = Levels seen in this place.
 G = Mean time per level.
                   A        B        C        D        E       F      G
               +--------+--------+--------+--------+--------+-----+--------+
         Total |   1646 |   1616 |     30 |      0 |   1305 |   3 |  548.7 |
       Dungeon |   1646 |   1616 |     30 |      0 |   1305 |   3 |  548.7 |
               +--------+--------+--------+--------+--------+-----+--------+

Top non-repeatable levels by time:
     D:1: 711 daAuts
     D:2: 564 daAuts
     D:3: 370 daAuts
